 Dungeon Crawl Stone Soup version 0.31-a0-596-g831eee08f1 (webtiles) character file.

Game seed: 751345110696880566

151 mopl the Insei (level 5, -2/34 HPs)
             Began as an Octopode Shapeshifter on Aug 21, 2023.
             Slain by a black bear (12 damage)
             ... on level 3 of the Dungeon.
             The game lasted 00:02:28 (1795 turns).

mopl the Insei (Octopode Shapeshifter)              Turns: 1795, Time: 00:02:29

Health: -2/34      AC:  1    Str: 14    XL:     5   Next: 33%
Magic:  5/5        EV: 13    Int: 11    God:
Gold:   86         SH:  0    Dex: 14    Spells: 4/4 levels left

rFire   . .          .
                       - Unarmed
rCold   . . .        (no shield)
rNeg    . . .        (helmet currently unavailable)
rPois   .            (no amulet)
rElec   .            (no ring)
rCorr   .            (no ring)
SInv    .            (no ring)
Will    .....        (no ring)
Stlth   ++           (no ring)
HPRegen 0.25/turn    (no ring)
MPRegen 0.09/turn    (no ring)
                     (no ring)

%: no passive effects
@: beast-form
A: beast (slay +2), almost no armour, amphibious, 8 rings, camouflage 1,
gelatinous body 1, (nimble swimmer 1), tentacles
a: Begin Untransformation


You were on level 3 of the Dungeon.
You were a hulking beast.
You visited 1 branch of the dungeon, and saw 3 of its levels.

You collected 86 gold pieces.

Inventory:

Hand Weapons
 o - a +2 dagger of venom
Missiles
 d - 7 poisoned darts
 l - 3 javelins
Talismans
 b - a beast talisman (active)
Scrolls
 g - 3 scrolls of identify {unknown}
 h - a scroll of amnesia {unknown}
 j - 2 scrolls of teleportation {unknown}
 k - a scroll of vulnerability {unknown}
Potions
 a - a potion of lignification {!q}
 c - 2 potions of brilliance {unknown}
 e - a potion of curing {unknown}
 f - a potion of mutation {unknown}
 i - a potion of attraction {unknown}
 m - a potion of enlightenment {unknown}
 n - a potion of might {unknown}
 p - a potion of berserk rage {unknown}


   Skills:
 + Level 2.1 Fighting
 + Level 2.6 Dodging
 * Level 4.1 Unarmed Combat
 * Level 3.9 Shapeshifting


You had 4 spell levels left.
You didn't know any spells.
Your spell library contained the following spells:

 Spells                   Type           Power      Damage    Failure   Level
 Dazzling Flash           Conj/Hex       0%         N/A       71%         3
 Volatile Blastmotes      Fire/Tloc      0%         2d10      71%         3
 Starburst                Conj/Fire      0%         6d3       100%        6
 Maxwell's Capacitive Co  Air            0%         ∞         100%        8


Dungeon Overview and Level Annotations

Branches:
Dungeon (3/15)

Altars:


Innate Abilities, Weirdness & Mutations

You are a hulking beast.
Your limbs bulge with bestial killing power. (Slay +2)
You cannot wear most types of armour.
You are amphibious.
You can wear up to eight rings at the same time.
Your skin changes colour to match your surroundings (Stealth+).
Your rubbery body absorbs attacks. (AC +1, EV +1)
((You are camouflaged when in or above water. (Stealth+)))
You have tentacles for arms and can constrict up to eight enemies at once.


Message History

No target in view!
No target in view!
No target in view!
No target in view!
No target in view!
You see here a dart slug corpse.
Found a leather armour.
You see here a +0 leather armour.
Found a hand axe.
You see here a +0 hand axe.
A black bear comes into view.
Found a silvery potion.
The black bear bites you. The black bear claws you. x2
You tentacle-slap the black bear. You grab the black bear.
You squeeze the black bear.
The black bear is moderately wounded.
You constrict the black bear, but do no damage.
The black bear misses you. The black bear claws you.
The black bear claws you but does no damage.
You tentacle-slap the black bear. You squeeze the black bear!
The black bear is heavily wounded.
You constrict the black bear, but do no damage.
The black bear closely misses you. The black bear barely misses you.
The black bear claws you.
You are too injured to fight recklessly!
You are too injured to fight recklessly!
You are too injured to fight recklessly!
You tentacle-slap the black bear.
The black bear is severely wounded.
You constrict the black bear. The black bear bites you!
* * * LOW HITPOINT WARNING * * *
The black bear closely misses you. The black bear misses you.
You tentacle-slap the black bear.
The black bear is severely wounded.
You constrict the black bear.
The black bear goes berserk!
You tentacle-slap the black bear.
You squeeze the black bear, but do no damage.
The black bear is almost dead.
You constrict the black bear. The black bear bites you!
You die...

#.#######.# #.#
#.########
#..####.#######.........
#!.................####.
##.####.#.#######.......
#.#.# ##.####. #.# # #.#
#. #.# #.# #. #h# #.# #.
#h# #.# #. #.# #.# #<
#.# #.# #. ... #.# #.
### #># #. #.####.
#...... #######


You could see a black bear (berserk).

Vanquished Creatures
  Crazy Yiuf (D:2)
  Jessica (D:2)
  Robin (D:2)
  2 adders (D:2)
  3 dart slugs
  2 bats
  3 giant cockroaches (D:2)
  12 goblins
  5 hobgoblins
  8 jackals
  3 quokkas
  8 ball pythons
  4 kobolds
  4 rats (D:1)
57 creatures vanquished.

Notes
Turn   | Place    | Note
-------+----------+-------------------------------------------
     0 | D:1      | mopl the Octopode Shapeshifter began the quest for the Orb.
     0 | D:1      | Reached XP level 1. HP: 13/13 MP: 1/1
   160 | D:1      | Reached XP level 2. HP: 18/18 MP: 2/2
   565 | D:2      | Reached XP level 3. HP: 19/23 MP: 3/3
   761 | D:2      | Found a runed translucent door.
   762 | D:2      | Noticed Crazy Yiuf
   885 | D:2      | Reached XP level 4. HP: 29/29 MP: 4/4
   989 | D:2      | Noticed Robin
  1014 | D:2      | HP: 1/29 [Robin/+2 heavy spear (7)]
  1274 | D:2      | Killed Robin
  1458 | D:2      | Noticed Jessica
  1465 | D:2      | Killed Jessica
  1466 | D:2      | Reached skill level 2 in Fighting
  1466 | D:2      | Reached skill level 4 in Unarmed Combat
  1466 | D:2      | Reached XP level 5. HP: 25/34 MP: 5/5
  1531 | D:2      | Killed Crazy Yiuf
  1784 | D:3      | Noticed a black bear
  1795 | D:3      | Slain by a black bear

Illustrated notes

Levels and vault maps discovered:
D:1:      shiori_shiawase, layout_rooms
D:2:      layout_loops_ring, uniq_jessica, uniq_crazy_yiuf_cottage, uniq_robin
D:3:      layout_loops_ring, grunt_gozag_breadcrumbs, serial_shops,
          nicolae_shop_tiny_statue_garden, grunt_decor_resistance

Skill      XL: |  1  2  3  4 |
---------------+-------------+-----
Fighting       | 2 |  2.1
Unarmed Combat | 4 |  4.1
Dodging        | |  2.6
Shapeshifting  | |  3.9

Action                     |  1- 3 |  4- 6 || total
---------------------------+-------+-------++-------
  Melee: Unarmed           |    53 |    53 ||   106
         Constrict         |    19 |    15 ||    34
         Tentacles         |    15 |    11 ||    26
         Punch             |     3 |     3 ||     6
   Stab: Sleeping          |     3 |       ||     3
 Armour: Skin              |     1 |     5 ||     6
  Dodge: Dodged            |    25 |    29 ||    54

Table legend: (Time is in decaauts)
 A = Elapsed time spent in this place.
 B = Non-inter-level travel time spent in this place.
 C = Inter-level travel time spent in this place.
 D = Time resting spent in this place.
 E = Time spent auto-exploring this place.
 F = Levels seen in this place.
 G = Mean time per level.
                   A        B        C        D        E       F      G
               +--------+--------+--------+--------+--------+-----+--------+
         Total |   1790 |   1688 |    102 |    303 |   1063 |   3 |  596.7 |
       Dungeon |   1790 |   1688 |    102 |    303 |   1063 |   3 |  596.7 |
               +--------+--------+--------+--------+--------+-----+--------+

Top non-repeatable levels by time:
     D:1: 801 daAuts
     D:2: 767 daAuts
     D:3: 221 daAuts
